AoeStats
← gdpadilla950

Black Forest

510085551Analyzed
2v2 RM · 4d ago on Sep 29, 2026· 41m 34s· 4 players
Game mode
Random Map
Map size
Medium (4 player)
Population
200
Speed
Normal
Resources
Standard
Victory
Conquest
Starting age
Dark Age
Ending age
Imperial Age
RankedLock teamsTeams togetherTeam positionsShared explorationLock speedFull tech treeHidden civsTurbo modeCheats
Victory
Defeat
🇭🇰 Franks · Hong Kong SAR China
1016
+14
🇨🇭 Bohemians · Switzerland
990
+36
🇦🇷 Italians · Argentina
977
-15
🇦🇷 Byzantines · Argentina
964
-14
vill_gates
6:54 Loom
10:44 Feudal Age
14:46 Castle Age
13:19 Double-Bit Axe
14:30 Horse Collar
15:42 Bow Saw
17:41 Wheelbarrow
18:30 Fervor
22:26 Hand Cart
25:39 Loom
28:27 Imperial Age
27:35 Chemistry
26:56 Ballistics
27:13 Heavy Plow
27:33 Scale Mail Armor
27:27 Fletching
28:07 Masonry
28:16 Bodkin Arrow
30:45 Bracer
31:15 Bombard Tower
31:27 Architecture
32:01 Arrowslits
32:23 Siege Engineers
32:14 Houfnice
34:20 Conscription
34:08 Wagenburg Tactics
35:03 Murder Holes
35:13 Town Watch
38:00 Two-Man Saw
37:14 Caravan
37:45 Coinage
37:26 Guilds
39:47 Banking
自古多情空餘恨
0:52 Loom
15:25 Feudal Age
16:23 Man-at-Arms
16:54 Double-Bit Axe
17:28 Stone Mining
27:21 Castle Age
25:33 Scale Mail Armor
25:53 Forging
25:52 Gold Mining
26:38 Scale Barding Armor
28:19 Bow Saw
28:46 Gold Shaft Mining
37:19 Imperial Age
36:58 Chain Barding Armor
37:14 Iron Casting
36:40 Scale Mail Armor
37:05 Husbandry
37:50 Cavalier
38:56 Conscription
40:12 Wheelbarrow
40:15 Chain Mail Armor
41:01 Blast Furnace
41:49 Chivalry
joaquinc96
0:27 Loom
17:50 Feudal Age
17:54 Man-at-Arms
24:33 Scale Mail Armor
28:20 Castle Age
26:31 Horse Collar
26:45 Double-Bit Axe
27:49 Stone Mining
28:45 Fletching
31:31 Squires
31:52 Pikeman
32:32 Squires
35:19 Bodkin Arrow
37:24 Squires
gdpadilla950
0:52 Loom
11:58 Feudal Age
12:38 Double-Bit Axe
17:19 Castle Age
18:35 Bow Saw
23:49 Wheelbarrow
25:24 Fletching
26:57 Bodkin Arrow
27:06 Gold Mining
29:23 Padded Archer Armor
29:49 Hand Cart
29:37 Horse Collar
30:18 Stone Mining
30:57 Ballistics
35:48 Imperial Age
33:54 Silk Road
35:01 Stone Shaft Mining
34:23 Arson
34:49 Scale Mail Armor
37:43 Chemistry
36:50 Squires
37:08 Chain Mail Armor
37:04 Forging
37:26 Onager
42:10 Plate Mail Armor
42:15 Iron Casting
Connection lost

Rejoining the realm…

Still unreachable

The connection could not be restored.

Session expired

The server has moved on; the page needs a fresh start.